 Dungeon Crawl Stone Soup version 0.29-a0-121-g8efb068a30 (webtiles) character file.

Game seed: 3628313613761982956

59 Grim the Insei (level 4, -3/36 (38) HPs)
             Began as a Naga Transmuter on Feb 20, 2022.
             Killed by nerve-wracking pain
             ... invoked by an orc priest
              (9 damage)
             ... on level 3 of the Dungeon.
             The game lasted 00:04:57 (3595 turns).

Grim the Insei (Naga Transmuter)                    Turns: 3595, Time: 00:04:57

HP:   -3/36 (38)    AC:  2    Str: 12    XL:     4   Next: 3%
MP:   6/7           EV: 10    Int: 15    God:
Gold: 112           SH:  0    Dex: 12    Spells: 1/7 levels left

rFire   . . .      SeeInvis +     - Unarmed
rCold   . . .      Faith    .   (no shield)
rNeg    . . .      Spirit   .   a - +0 robe
rPois   +          Reflect  .   (helmet currently unavailable)
rElec   .          Harm     .   (no cloak)
rCorr   .          Rampage  .   (no gloves)
Will    .....                   (no barding)
Stlth   +.........              (no amulet)
HPRegen 0.12/turn               (no ring)
MPRegen 0.10/turn               (no ring)

@: appendages (expiring), drained, very slow
A: horns 2, AC +1, large, see invisible, deformed body, poison resistance,
slowness 2, spit poison 1, naga tail 1
a: Spit Poison, End Transformation


You were on level 3 of the Dungeon.
You had temporarily grown beastly horns.
You visited 1 branch of the dungeon, and saw 3 of its levels.

You collected 112 gold pieces.

Inventory:

Missiles
 g - 36 stones
Armour
 a - a +0 robe (worn)
Scrolls
 c - 3 scrolls of identify {unknown}
 d - a scroll of immolation {unknown}
 e - 2 scrolls of teleportation {unknown}
 i - a scroll of summoning {unknown}
Potions
 b - a potion of heal wounds {unknown}
 f - a potion of ambrosia {unknown}
 h - 2 potions of mutation {unknown}


   Skills:
 - Level 1.0 Fighting
 - Level 1.5 Dodging
 + Level 4.0 Unarmed Combat
 - Level 2.0 Spellcasting
 + Level 3.2 Transmutations


You had one spell level left.
You knew the following spells:

 Your Spells              Type           Power      Damage    Failure   Level
a - Beastly Appendage     Tmut           22%        N/A       6%          1
b - Wereblood             Tmut           11%        N/A       9%          2
c - Spider Form           Tmut/Pois      6%         N/A       34%         3

Your spell library contained the following spells:

 Spells                   Type           Power      Damage    Failure   Level
 Ice Form                 Ice/Tmut       6%         N/A       75%         4


Dungeon Overview and Level Annotations

Branches:
Dungeon (3/15)

Altars:
Nemelex Xobeh


Innate Abilities, Weirdness & Mutations

You have temporarily grown beastly horns.
Your serpentine skin is tough. (AC +1)
You have supernaturally acute eyesight. (SInv)
Armour fits poorly on your strangely shaped body.
Your system is resistant to poisons. (rPois)
You cover ground very slowly.
You can spit poison.
You have a snake-like lower body.


Message History

Casting: Beastly Appendage (safe; 6% risk of failure)
Confirm with . or Enter, or press ? or * to list all spells.
You grow a pair of large bovine horns.
Your transformation is almost over.
You barely miss the orc. You headbutt the orc!
You kill the orc!
Your Unarmed Combat skill increases to level 4!
Aiming: Spit Poison (1% risk of failure)
Press: ? - help, Shift-Dir - straight line, f - orc priest
Aim: an orc priest, wielding a +0 hand axe (59% to hit)
You fail to use your ability.
Casting: Beastly Appendage (safe; 6% risk of failure)
Confirm with . or Enter, or press ? or * to list all spells.
You don't know that spell.
Aiming: Spit Poison (1% risk of failure)
Press: ? - help, Shift-Dir - straight line, f/p - orc priest
Aim: an orc priest, wielding a +0 hand axe (59% to hit)
The splash of poison hits the orc priest!
The orc priest is heavily wounded.
You barely miss the orc priest.
The orc priest is heavily wounded.
The orc priest mumbles some strange prayers to Beogh against you.
Beogh smites you!
* * * LOW HITPOINT WARNING * * *
You hit the orc priest.
The orc priest is heavily wounded.
The orc barely misses you. The orc priest closely misses you.
You hit the orc priest.
The orc priest is almost dead.
You have got your breath back.
The orc hits you with a +0 club.
* * * LOW HITPOINT WARNING * * *
The orc priest hits you with a +0 hand axe.
* * * LOW HITPOINT WARNING * * *
You barely miss the orc priest.
The orc priest is almost dead.
The orc barely misses you.
The orc priest calls down the wrath of Beogh upon you.
Pain shoots through your body!
You die...

# .# ### ### #..#
##.##...... ..# #.o#
......###..## #.# #..#
.#...##.##...###.# #oo#
.#..##...##..>...# #..#
...##.._..##....@# #..#
..##.^....^##..oo# #..#
.##^...^.^^.##...#######..#
.#...#####...#......oo.o..#
.##.'#.#.#'.##.#########.##
..###..#..###.....†......#
......###.......##########
#####.....#....##
#.##########


You could see an orc priest and an orc.

Vanquished Creatures
  An adder (D:2)
  A worm (D:2)
  2 dart slugs
  An orc (D:3)
  3 bats
  5 endoplasms
  A giant cockroach (D:1)
  3 goblins
  2 hobgoblins (D:2)
  3 jackals (D:1)
  4 quokkas
  2 ball pythons (D:1)
  A frilled lizard (D:1)
  3 kobolds
  9 rats
41 creatures vanquished.

Notes
Turn   | Place    | Note
-------+----------+-------------------------------------------
     0 | D:1      | Grim the Naga Transmuter began the quest for the Orb.
     0 | D:1      | Reached XP level 1. HP: 18/18 MP: 3/3
   662 | D:1      | Reached XP level 2. HP: 14/25 MP: 1/5
   795 | D:1      | Learned a level 2 spell: Wereblood
  1431 | D:1      | Reached XP level 3. HP: 31/31 MP: 2/6
  3373 | D:2      | Learned a level 3 spell: Spider Form
  3524 | D:3      | Found a sparkling altar of Nemelex Xobeh.
  3548 | D:3      | Reached XP level 4. HP: 36/36 MP: 5/7
  3590 | D:3      | Reached skill level 4 in Unarmed Combat
  3595 | D:3      | Killed from afar by an orc priest

Illustrated notes

Levels and vault maps discovered:
D:1:      lightli_arrival_boilingwater, layout_basic, minmay_hedge_maze
D:2:      layout_basic, basic_ecumenical_altar, minmay_pentomino_p4
D:3:      layout_loops_ring, nemelex_spade_bored_becter, grunt_ministairs_3,
          wad_woods_river_04, minmay_diced_spiral, uniq_sigmund

Skill      XL: |  1  2  3  4 |
---------------+-------------+-----
Transmutations | 3 |  3.2
Unarmed Combat | 4 |  4.0
Fighting       | |  1.0
Dodging        | |  1.5
Spellcasting   | |  2.0

Action                   |  1- 3 |  4- 6 || total
-------------------------+-------+-------++-------
Melee: Unarmed           |   127 |     5 ||   132
       Headbutt          |    17 |     1 ||    18
       Punch             |     4 |       ||     4
 Cast: Beastly Appendage |    29 |     1 ||    30
       Wereblood         |     4 |       ||     4
 Abil: Spit Poison       |     1 |     1 ||     2
Armor: Robe              |    21 |       ||    21
Dodge: Dodged            |    71 |     3 ||    74

Table legend: (Time is in decaauts)
 A = Elapsed time spent in this place.
 B = Non-inter-level travel time spent in this place.
 C = Inter-level travel time spent in this place.
 D = Time resting spent in this place.
 E = Time spent auto-exploring this place.
 F = Levels seen in this place.
 G = Mean time per level.
                   A        B        C        D        E       F      G
               +--------+--------+--------+--------+--------+-----+--------+
         Total |   4146 |   4013 |    133 |   1218 |   2403 |   3 | 1382.0 |
       Dungeon |   4146 |   4013 |    133 |   1218 |   2403 |   3 | 1382.0 |
               +--------+--------+--------+--------+--------+-----+--------+

Top non-repeatable levels by time:
     D:1: 3049 daAuts
     D:2: 855 daAuts
     D:3: 241 daAuts
